| TOP OF THE 1ST |
|
Auburn Doubledays batting - Pitching for Brooklyn Cyclones : LHP Jesus Espitia
|
|
Pitching: LHP Jesus Espitia
|
|
|
Batting: RHB Qian Tai
|
0-0: Swinging Strike 0-1: Fly out, F9 (Flyball, 9LM, EV 91.9 MPH)
|
|
Batting: RHB Joe Simmelink
|
0-0: Called Strike 0-1: Ball 1-1: Ball 2-1: Ground out 5-3 (Groundball, 56, EV 101.2 MPH)
|
|
Batting: RHB Hun-hyeon Kym
|
0-0: Fly out, F7 (Line Drive, 78S, EV 93.8 MPH)
|
| Top of the 1st over - 0 runs, 0 hits, 0 errors, 0 left on base; Auburn 0 - Brooklyn 0 |
| BOTTOM OF THE 1ST |
|
Brooklyn Cyclones batting - Pitching for Auburn Doubledays : RHP Brian Walker
|
|
Pitching: RHP Brian Walker
|
|
|
Batting: LHB Matt Baker
|
0-0: Called Strike 0-1: Ball 1-1: Ball 2-1: Swinging Strike 2-2: Ground out 6-3 (Groundball, 6M, EV 111.2 MPH)
|
|
Batting: LHB Elmo Dreier
|
0-0: Ball 1-0: Ball 2-0: Bunt for hit to 13S - play at first, batter safe!
|
|
Batting: RHB Mike Mathews
|
0-0: Ball 1-0: Ground out 4-3 (Groundball, 13, EV 87.5 MPH) Elmo Dreier to second
|
|
Batting: RHB Bill Crogan
|
0-0: Ball 1-0: Foul Ball, location: 2F 1-1: Ball 2-1: SINGLE (Groundball, 6MD, EV 101.9 MPH) Elmo Dreier to third Runner from 3rd tries for Home, SAFE, throw by CF to home Bill Crogan to second
|
|
Batting: RHB Rich Cracchiolo
|
0-0: Foul Ball, location: 2F 0-1: DOUBLE (Groundball, 3L, EV 100.0 MPH) Bill Crogan scores
|
|
Batting: RHB Prabhukumar Santhanakrishnan
|
0-0: Foul Ball, location: 2F 0-1: Foul Ball, location: 2F 0-2: Foul Ball, location: 2F 0-2: Fly out, F7 (Flyball, 7, EV 93.8 MPH)
|
| Bottom of the 1st over - 2 runs, 3 hits, 0 errors, 1 left on base; Auburn 0 - Brooklyn 2 |
| TOP OF THE 2ND |
|
Auburn Doubledays batting - Pitching for Brooklyn Cyclones : LHP Jesus Espitia
|
|
Batting: RHB Luis Vargas
|
0-0: Called Strike 0-1: Ball 1-1: Fly out, F9 (Flyball, 89S, EV 88.1 MPH)
|
|
Batting: RHB Jessie Fisher
|
0-0: Ball 1-0: Ball 2-0: Called Strike 2-1: DOUBLE (Line Drive, 78M, EV 100.0 MPH)
|
|
Batting: RHB Armando Moreno
|
0-0: Foul Ball, location: 2F 0-1: Swinging Strike 0-2: Ball 1-2: Ball 2-2: Ball 3-2: Strikes out looking
|
|
Batting: LHB Tony Olvera
|
0-0: Swinging Strike 0-1: Called Strike 0-2: Ball 1-2: Foul Ball, location: 2F 1-2: Strikes out looking
|
| Top of the 2nd over - 0 runs, 1 hit, 0 errors, 1 left on base; Auburn 0 - Brooklyn 2 |
| BOTTOM OF THE 2ND |
|
Brooklyn Cyclones batting - Pitching for Auburn Doubledays : RHP Brian Walker
|
|
Batting: RHB Victor Reyes
|
0-0: Ball 1-0: Foul Ball, location: 2F 1-1: Ground out 4-3 (Groundball, 4, EV 86.9 MPH)
|
|
Batting: SHB Callum Lynch
|
0-0: Ball 1-0: Ball 2-0: Called Strike 2-1: Foul Ball, location: 2F 2-2: Ground out 4-3 (Groundball, 4, EV 107.5 MPH)
|
|
Batting: RHB Chris Pynn
|
0-0: Ball 1-0: Fly out, F3 (Popup, 3SF, EV 76.9 MPH)
|
| Bottom of the 2nd over - 0 runs, 0 hits, 0 errors, 0 left on base; Auburn 0 - Brooklyn 2 |
| TOP OF THE 3RD |
|
Auburn Doubledays batting - Pitching for Brooklyn Cyclones : LHP Jesus Espitia
|
|
Batting: RHB Jason Ewert
|
0-0: Ball 1-0: Ball 2-0: Foul Ball, location: 2F 2-1: Ball 3-1: Base on Balls
|
|
Batting: RHB Colin Morris
|
0-0: Called Strike 0-1: Ball 1-1: Swinging Strike 1-2: Ball 2-2: Strikes out swinging
|
|
Batting: RHB Qian Tai
|
0-0: Ball 1-0: Ball 2-0: Swinging Strike 2-1: Ball Jason Ewert is caught stealing 2nd base 2-4 3-1: Base on Balls
|
|
Batting: RHB Joe Simmelink
|
0-0: Ball Qian Tai steals 2nd, throwing error, E2 Qian Tai to third 1-0: Ball 2-0: Fly out, F3 (Line Drive, 3, EV 67.5 MPH)
|
| Top of the 3rd over - 0 runs, 0 hits, 1 error, 1 left on base; Auburn 0 - Brooklyn 2 |
| BOTTOM OF THE 3RD |
|
Brooklyn Cyclones batting - Pitching for Auburn Doubledays : RHP Brian Walker
|
|
Batting: LHB Matt Baker
|
0-0: Ground out U3 (Groundball, 3, EV 90.0 MPH)
|
|
Batting: LHB Elmo Dreier
|
0-0: Ball 1-0: Called Strike 1-1: Ball 2-1: Fly out, F8 (Flyball, 8RD, EV 96.2 MPH)
|
|
Batting: RHB Mike Mathews
|
0-0: Ball 1-0: Called Strike 1-1: Swinging Strike 1-2: Strikes out swinging
|
| Bottom of the 3rd over - 0 runs, 0 hits, 0 errors, 0 left on base; Auburn 0 - Brooklyn 2 |
| TOP OF THE 4TH |
|
Auburn Doubledays batting - Pitching for Brooklyn Cyclones : LHP Jesus Espitia
|
|
Batting: RHB Hun-hyeon Kym
|
0-0: Ground out 3-1 (Groundball, 34S, EV 88.1 MPH)
|
|
Batting: RHB Luis Vargas
|
0-0: Called Strike 0-1: Called Strike 0-2: Ball 1-2: Foul Ball, location: 2F 1-2: Ball 2-2: Foul Ball, location: 2F 2-2: Strikes out swinging
|
|
Batting: RHB Jessie Fisher
|
0-0: Ball 1-0: Ball 2-0: Called Strike 2-1: Ground out 4-3 (Groundball, 4, EV 101.2 MPH)
|
| Top of the 4th over - 0 runs, 0 hits, 0 errors, 0 left on base; Auburn 0 - Brooklyn 2 |
| BOTTOM OF THE 4TH |
|
Brooklyn Cyclones batting - Pitching for Auburn Doubledays : RHP Brian Walker
|
|
Batting: RHB Bill Crogan
|
0-0: Fly out, F8 (Flyball, 8RS, EV 83.1 MPH)
|
|
Batting: RHB Rich Cracchiolo
|
0-0: Fly out, F5 (Popup, 25F, EV 94.4 MPH)
|
|
Batting: RHB Prabhukumar Santhanakrishnan
|
0-0: Swinging Strike 0-1: Swinging Strike 0-2: Foul Ball, location: 2F 0-2: Ball 1-2: Ball 2-2: Foul Ball, location: 2F 2-2: Fly out, F9 (Flyball, 9, EV 91.9 MPH)
|
| Bottom of the 4th over - 0 runs, 0 hits, 0 errors, 0 left on base; Auburn 0 - Brooklyn 2 |
| TOP OF THE 5TH |
|
Auburn Doubledays batting - Pitching for Brooklyn Cyclones : LHP Jesus Espitia
|
|
Batting: RHB Armando Moreno
|
0-0: Called Strike 0-1: Foul Ball, location: 2F 0-2: Foul Ball, location: 2F 0-2: Ball 1-2: Ball 2-2: Ball 3-2: Base on Balls
|
|
Pitching: RHP John Stepanian
|
|
|
Batting: LHB Tony Olvera
|
0-0: Fielders Choice at 2nd, 6-4 (Groundball, 6, EV 98.1 MPH)
|
|
Batting: RHB Jason Ewert
|
0-0: Called Strike 0-1: Ball 1-1: Foul Ball, location: 2F 1-2: Strikes out swinging
|
|
Batting: RHB Colin Morris
|
0-0: Foul Ball, location: 2F 0-1: Foul Ball, location: 2F 0-2: Ball 1-2: Foul Ball, location: 2F 1-2: Strikes out swinging
|
| Top of the 5th over - 0 runs, 0 hits, 0 errors, 1 left on base; Auburn 0 - Brooklyn 2 |
| BOTTOM OF THE 5TH |
|
Brooklyn Cyclones batting - Pitching for Auburn Doubledays : RHP Brian Walker
|
|
Batting: RHB Victor Reyes
|
0-0: Ball 1-0: Ground out 5-3 (Groundball, 56, EV 96.2 MPH)
|
|
Batting: SHB Callum Lynch
|
0-0: Foul Ball, location: 2F 0-1: Ball 1-1: DOUBLE (Line Drive, 7LS, EV 98.8 MPH)
|
|
Batting: RHB Chris Pynn
|
0-0: DOUBLE (Flyball, 8LXD, EV 106.2 MPH) Callum Lynch scores
|
|
Batting: LHB Matt Baker
|
0-0: Ball 1-0: Ball 2-0: Ball 3-0: Base on Balls
|
|
Batting: LHB Elmo Dreier
|
0-0: SINGLE (Line Drive, 4MD, EV 96.2 MPH) Chris Pynn to third Matt Baker to second Runner from 3rd tries for Home, throw by CF and OUT! 8-2
|
|
Batting: RHB Mike Mathews
|
0-0: Foul Ball, location: 2F 0-1: Ball 1-1: TRIPLE (Flyball, 9LD, EV 109.4 MPH) Matt Baker scores Elmo Dreier scores
|
|
Pitching: RHP Manny Mendoza
|
|
|
Batting: RHB Bill Crogan
|
0-0: Called Strike Balk! Mike Mathews scores 0-1: Called Strike 0-2: Foul Ball, location: 2F 0-2: Ball 1-2: Ball 2-2: Ball 3-2: Strikes out swinging
|
| Bottom of the 5th over - 4 runs, 4 hits, 0 errors, 0 left on base; Auburn 0 - Brooklyn 6 |
| TOP OF THE 6TH |
|
Auburn Doubledays batting - Pitching for Brooklyn Cyclones : RHP John Stepanian
|
|
Batting: RHB Qian Tai
|
0-0: Foul Ball, location: 2F 0-1: Ball 1-1: Ball 2-1: Foul Ball, location: 2F 2-2: Foul Ball, location: 2F 2-2: Ball 3-2: Ground out 6-3 (Groundball, 6, EV 99.4 MPH)
|
|
Batting: RHB Joe Simmelink
|
0-0: Ball 1-0: Called Strike 1-1: Swinging Strike 1-2: Ground out 6-3 (Groundball, 6, EV 96.2 MPH)
|
|
Batting: RHB Hun-hyeon Kym
|
0-0: Ball 1-0: Called Strike 1-1: Foul Ball, location: 2F 1-2: Foul Ball, location: 2F 1-2: Strikes out looking
|
| Top of the 6th over - 0 runs, 0 hits, 0 errors, 0 left on base; Auburn 0 - Brooklyn 6 |
| BOTTOM OF THE 6TH |
|
Brooklyn Cyclones batting - Pitching for Auburn Doubledays : RHP Manny Mendoza
|
|
Batting: RHB Rich Cracchiolo
|
0-0: Ground out 4-3 (Groundball, 4M, EV 87.5 MPH)
|
|
Batting: RHB Prabhukumar Santhanakrishnan
|
0-0: Called Strike 0-1: Ground out 3-1 (Groundball, 13, EV 81.9 MPH)
|
|
Batting: RHB Victor Reyes
|
0-0: Foul Ball, location: 2F 0-1: Foul Ball, location: 2F 0-2: Ball 1-2: Ball 2-2: Ball 3-2: Base on Balls
|
|
Batting: SHB Callum Lynch
|
0-0: Fly out, F7 (Flyball, 7, EV 90.0 MPH)
|
| Bottom of the 6th over - 0 runs, 0 hits, 0 errors, 1 left on base; Auburn 0 - Brooklyn 6 |
| TOP OF THE 7TH |
|
Auburn Doubledays batting - Pitching for Brooklyn Cyclones : RHP John Stepanian
|
|
Batting: RHB Luis Vargas
|
0-0: Foul Ball, location: 2F 0-1: Ball 1-1: Foul Ball, location: 2F 1-2: SINGLE (Flyball, 89S, EV 83.1 MPH)
|
|
Pitching: RHP Justin Williams
|
|
|
Batting: RHB Jessie Fisher
|
0-0: Swinging Strike 0-1: Called Strike 0-2: Foul Ball, location: 2F 0-2: Ball 1-2: Ball 2-2: Strikes out looking
|
|
Batting: RHB Armando Moreno
|
0-0: Called Strike 0-1: Ball 1-1: Ball 2-1: Foul Ball, location: 2F 2-2: Ball 3-2: Strikes out swinging
|
|
Batting: LHB Tony Olvera
|
0-0: Ball 1-0: Ball Wild Pitch! Luis Vargas to second 2-0: Foul Ball, location: 2F 2-1: Ground out 5-3 (Groundball, 5S, EV 73.1 MPH)
|
| Top of the 7th over - 0 runs, 1 hit, 0 errors, 1 left on base; Auburn 0 - Brooklyn 6 |
| BOTTOM OF THE 7TH |
|
Brooklyn Cyclones batting - Pitching for Auburn Doubledays : RHP Manny Mendoza
|
|
Batting: RHB Chris Pynn
|
0-0: Called Strike 0-1: Fly out, F8 (Flyball, 8RXD, EV 104.4 MPH)
|
|
Batting: LHB Matt Baker
|
0-0: Called Strike 0-1: Ground out 6-3 (Groundball, 6, EV 86.9 MPH)
|
|
Batting: LHB Elmo Dreier
|
0-0: Foul Ball, location: 2F 0-1: Ball 1-1: Ground out 6-3 (Groundball, 6, EV 105.0 MPH)
|
| Bottom of the 7th over - 0 runs, 0 hits, 0 errors, 0 left on base; Auburn 0 - Brooklyn 6 |
| TOP OF THE 8TH |
|
Auburn Doubledays batting - Pitching for Brooklyn Cyclones : RHP Justin Williams
|
|
Batting: RHB Jason Ewert
|
0-0: Called Strike 0-1: Swinging Strike 0-2: Strikes out swinging
|
|
Batting: RHB Colin Morris
|
0-0: Called Strike 0-1: Foul Ball, location: 2F 0-2: Ball 1-2: Strikes out swinging
|
|
Batting: RHB Qian Tai
|
0-0: Ball 1-0: Called Strike 1-1: Fly out, F7 (Flyball, 7S, EV 81.9 MPH)
|
| Top of the 8th over - 0 runs, 0 hits, 0 errors, 0 left on base; Auburn 0 - Brooklyn 6 |
| BOTTOM OF THE 8TH |
|
Brooklyn Cyclones batting - Pitching for Auburn Doubledays : RHP Manny Mendoza
|
|
Batting: RHB Mike Mathews
|
0-0: Ball 1-0: Reached on error, E1 (Groundball, 13S, EV 71.2 MPH)
|
|
Batting: RHB Bill Crogan
|
0-0: Ball 1-0: Called Strike 1-1: Ball 2-1: Foul Ball, location: 2F 2-2: Strikes out looking
|
|
Batting: RHB Rich Cracchiolo
|
0-0: Ball 1-0: Ball 2-0: Called Strike 2-1: Ball 3-1: SINGLE (Groundball, 34D, EV 108.8 MPH) Mike Mathews to third
|
|
Pitching: RHP Ramiro Ramirez
|
|
|
Batting: RHB Prabhukumar Santhanakrishnan
|
0-0: Called Strike 0-1: Called Strike 0-2: Ball 1-2: Ball 2-2: Ball 3-2: Strikes out looking
|
|
Batting: RHB Victor Reyes
|
0-0: Ball 1-0: Ball 2-0: Called Strike 2-1: Fielders Choice at 2nd, 6-4 (Groundball, 6, EV 78.8 MPH)
|
| Bottom of the 8th over - 0 runs, 1 hit, 1 error, 2 left on base; Auburn 0 - Brooklyn 6 |
| TOP OF THE 9TH |
|
Auburn Doubledays batting - Pitching for Brooklyn Cyclones : RHP Justin Williams
|
|
Pitching: LHP Dan Clausing
|
|
|
Batting: RHB Joe Simmelink
|
0-0: Called Strike 0-1: Foul Ball, location: 2F 0-2: Foul Ball, location: 2F 0-2: Ball 1-2: Strikes out swinging
|
|
Batting: RHB Hun-hyeon Kym
|
0-0: Fly out, F8 (Flyball, 8LD, EV 95.6 MPH)
|
|
Batting: RHB Luis Vargas
|
0-0: Ball 1-0: Foul Ball, location: 2F 1-1: Foul Ball, location: 2F 1-2: Ball 2-2: Foul Ball, location: 2F 2-2: Foul Ball, location: 2F 2-2: Ball 3-2: Strikes out swinging
|
| Top of the 9th over - 0 runs, 0 hits, 0 errors, 0 left on base; Auburn 0 - Brooklyn 6 |
|